 Dungeon Crawl Stone Soup version 0.28-a0-664-gc179e30c89 (webtiles) character file.

Game seed: 6971936010747868528

88 Sabo the Covered (level 4, -2/41 HPs)
             Began as a Minotaur Fighter on Oct 17, 2021.
             Was a Believer of Fedhas.
             Succumbed to Jessica's poison
             ... on level 3 of the Dungeon.
             The game lasted 00:09:49 (2178 turns).

Sabo the Covered (Minotaur Fighter)                 Turns: 2178, Time: 00:09:50

Health: -2/41      AC:  9    Str: 21    XL:     4   Next: 29%
Magic:  3/3        EV:  8    Int:  5    God:    Fedhas [**....]
Gold:   91         SH:  4    Dex: 10    Spells: 3/3 levels left

rFire   . . .      SeeInvis .   a - +0 war axe
rCold   . . .      Faith    .   c - +0 buckler
rNeg    . . .      Spirit   .   j - +0 chain mail
rPois   .          Reflect  .   (helmet restricted)
rElec   .          Harm     .   (no cloak)
rCorr   +          Rampage  .   (no gloves)
Will    .....                   (no boots)
Stlth   ..........              (no amulet)
HPRegen 0.13/turn               e - ring of resist corrosion
MPRegen 0.08/turn               (no ring)

@: lethally poisoned (-2 -> -29), slowed, very slow
A: horns 2, retaliatory headbutt
a: Renounce Religion, Wall of Briars


You were on level 3 of the Dungeon.
You worshipped Fedhas.
Fedhas was pleased with you.
You visited 1 branch of the dungeon, and saw 3 of its levels.

You collected 91 gold pieces.

Inventory:

Hand Weapons
 a - a +0 war axe (weapon)
 f - a +2 dagger of distortion
 k - a +0 hunting sling
Missiles
 r - 17 bolts
Armour
 c - a +0 buckler (worn)
 j - a +0 chain mail (worn)
 o - a +3 leather armour
Jewellery
 e - a ring of resist corrosion (left hand)
Wands
 n - a wand of polymorph (4)
Scrolls
 g - 2 scrolls of identify {unknown}
Potions
 b - a potion of resistance {unknown}
 d - a potion of might
 h - a potion of berserk rage {unknown}
 i - a potion of curing {unknown}
 l - a potion of flight {unknown}
 m - 2 potions of mutation {unknown}
 p - a potion of ambrosia {unknown}
 q - a potion of lignification {unknown}
 s - a potion of degeneration {unknown}


   Skills:
 + Level 4.3 Fighting
 + Level 3.6 Axes
 + Level 4.3 Armour
 + Level 0.5 Dodging
 + Level 4.2 Shields


You had 3 spell levels left.
You didn't know any spells.
Your spell library contained the following spells:

 Spells                   Type           Power      Damage    Failure   Level
 Passwall                 Tmut/Erth      0%         N/A       100%        2
 Swiftness                Air            0%         N/A       100%        3
 Hailstorm                Conj/Ice       0%         3d3       100%        4
 Ice Form                 Ice/Tmut       0%         N/A       100%        4
 Invisibility             Hex            0%         N/A       100%        6
 Simulacrum               Ice/Necr       0%         N/A       100%        6


Dungeon Overview and Level Annotations

Branches:
Dungeon (2/15)

Altars:
Fedhas

Annotations:
D:3 Jessica


Innate Abilities, Weirdness & Mutations

You have a pair of horns on your head.
You reflexively headbutt those who attack you in melee.


Message History

As you open the door, it creaks loudly!
There is an open door here.
Jessica the Apprentice Sorceress comes into view.
She is wielding a +1 dagger of venom.
Jessica shouts!
Jessica casts a spell.
Jessica blinks!
Jessica casts a spell at you.
You feel yourself slow down. Jessica casts a spell at you.
Pain shoots through your body! Jessica hits you but does no damage.
Jessica hits you but does no damage.
You are poisoned.
You block Jessica's attack.
You hit Jessica. Your headbutt misses Jessica.
Jessica is moderately wounded.
You feel very sick. Jessica closely misses you.
Jessica looks very angry.
Jessica hits you with a +1 dagger of venom.
You are more poisoned.
You barely miss Jessica.
Jessica is moderately wounded.
You feel very sick. Jessica hits you but does no damage.
You are more poisoned.
Jessica misses you.
You closely miss Jessica.
Jessica is moderately wounded.
* * * LOW HITPOINT WARNING * * *
You feel very sick. Jessica hits you but does no damage.
You are lethally poisoned!
Jessica hits you with a +1 dagger of venom.
* * * LOW HITPOINT WARNING * * *
You are more poisoned.
You hit Jessica but do no damage. Your headbutt misses Jessica.
Jessica is moderately wounded.
You die...
Fedhas appreciates your contribution to the ecosystem.

# #..#
#....######### #
##.# #....# ####
#.# #....# ....
#.## #....# ####
#..# #....####### #
##.#####..........#
#..##............#
##.##............#
#.@#.........####
##@#............#
#.####.........#
#.# #.........# #.#
#.........# #..
#.........# ##.#
#........)# #.#
#.........# #.#
#.........#


You could see Jessica.

Vanquished Creatures
  Ijyb (D:3)
  An adder (D:2)
  A dart slug (D:1)
  2 worms
  6 endoplasms
  A giant cockroach (D:1)
  7 goblins
  5 hobgoblins
  3 jackals (D:3)
  A quokka (D:3)
  5 ball pythons
  5 bats
  2 frilled lizards
  6 rats
46 creatures vanquished.

Notes
Turn   | Place    | Note
-------+----------+-------------------------------------------
     0 | D:1      | Sabo the Minotaur Fighter began the quest for the Orb.
     0 | D:1      | Reached XP level 1. HP: 19/19 MP: 0/0
   297 | D:1      | Reached XP level 2. HP: 27/27 MP: 1/1
   536 | D:1      | Found a faded altar of an unknown god.
   543 | D:1      | Prayed at the altar of an unknown god.
   543 | D:1      | Became a worshipper of Fedhas Madash
   543 | D:1      | Reached * piety under Fedhas
  1160 | D:2      | Reached XP level 3. HP: 23/33 MP: 2/2
  1385 | D:2      | You fall into a shaft and drop 1 floor!
  1463 | D:3      | Reached ** piety under Fedhas
  1647 | D:3      | Noticed Ijyb
  1652 | D:3      | Killed Ijyb
  1653 | D:3      | Reached XP level 4. HP: 41/41 MP: 3/3
  2166 | D:3      | Noticed Jessica
  2178 | D:3      | Succumbed to Jessica's poison

Illustrated notes

Levels and vault maps discovered:
D:1:      amcnicky_arrival_flooded_fountain, layout_loops_ring,
          dilly_ecumenical_altar_fadedgnrine
D:2:      layout_loops_ring
D:3:      layout_basic, uniq_jessica, uniq_ijyb

Skill      XL: |  1  2 |
---------------+-------+-----
Armour         | 4 |  4.3
Shields        | 4 |  4.2
Fighting       | 4 |  4.3
Axes           | 3 |  3.6
Dodging        | |  0.5

Action                   |  1- 3 |  4- 6 || total
-------------------------+-------+-------++-------
Melee: War axe           |    83 |    22 ||   105
       Headbutt          |     7 |     4 ||    11
Armor: Scale mail        |    14 |       ||    14
       Chain mail        |    34 |    17 ||    51
Dodge: Dodged            |    40 |    10 ||    50
Block: Buckler           |    28 |     7 ||    35

Table legend: (Time is in decaauts)
 A = Elapsed time spent in this place.
 B = Non-inter-level travel time spent in this place.
 C = Inter-level travel time spent in this place.
 D = Time resting spent in this place.
 E = Time spent auto-exploring this place.
 F = Levels seen in this place.
 G = Mean time per level.
                   A        B        C        D        E       F      G
               +--------+--------+--------+--------+--------+-----+--------+
         Total |   2216 |   2216 |      0 |    436 |      0 |   3 |  738.7 |
       Dungeon |   2216 |   2216 |      0 |    436 |      0 |   3 |  738.7 |
               +--------+--------+--------+--------+--------+-----+--------+

Top non-repeatable levels by time:
     D:1: 1164 daAuts
     D:3: 809 daAuts
     D:2: 242 daAuts
